 Dungeon Crawl Stone Soup version 0.29-a0-1023-g6ae1a4a2c7 (webtiles) character file.

Game seed: 14138850620904157209

44 xian the Covered (level 3, -1/33 HPs)
             Began as a Minotaur Fighter on Aug 11, 2022.
             Frozen to death by an endoplasm (3 damage)
             ... on level 2 of the Dungeon.
             The game lasted 00:03:07 (1229 turns).

xian the Covered (Minotaur Fighter)                 Turns: 1229, Time: 00:03:08

Health: -1/33      AC:  7    Str: 22    XL:     3   Next: 39%
Magic:  2/2        EV:  9    Int:  5    God:
Gold:   87         SH:  4    Dex:  9    Spells: 2/2 levels left

rFire   . . .      SeeInvis .   e - +2 short sword (holy)
rCold   . . .      Faith    .   c - +0 buckler
rNeg    . . .      Spirit   .   b - +0 scale mail
rPois   .          Reflect  .   (helmet restricted)
rElec   .          Harm     .   (no cloak)
rCorr   .          Rampage  .   (no gloves)
Will    .....                   (no boots)
Stlth   ..........              (no amulet)
HPRegen 0.11/turn               (no ring)
MPRegen 0.08/turn               (no ring)

@: lethally poisoned (-1 -> -2)
A: horns 2, retaliatory headbutt
a: no special abilities


You were on level 2 of the Dungeon.
You visited 1 branch of the dungeon, and saw 2 of its levels.

You collected 87 gold pieces.

Inventory:

Hand Weapons
 e - a +2 short sword of holy wrath (weapon)
Armour
 b - a +0 scale mail (worn)
 c - a +0 buckler (worn)
 i - a +0 pair of boots
Scrolls
 a - a scroll of identify
 f - a scroll of enchant weapon
 g - a scroll of vulnerability
 h - a scroll of teleportation
 j - a scroll of acquirement {unknown}
Potions
 d - a potion of might


   Skills:
 + Level 4.2 Fighting
 + Level 0.1 Short Blades
 + Level 2.7 Maces & Flails
 + Level 4.3 Armour
 + Level 4.1 Shields


You had 2 spell levels left.
You didn't know any spells.
Your spell library contained the following spells:

 Spells                   Type           Power      Damage    Failure   Level
 Summon Small Mammal      Summ           0%         N/A       87%         1
 Call Canine Familiar     Summ           0%         N/A       99%         3
 Summon Guardian Golem    Hex/Summ       0%         N/A       99%         3
 Tukima's Dance           Hex            0%         N/A       99%         3
 Passage of Golubria      Tloc           0%         N/A       100%        4
 Yara's Violent Unravell  Hex/Tmut       0%         3d3       100%        5


Dungeon Overview and Level Annotations

Branches:
Dungeon (2/15)

Altars:


Innate Abilities, Weirdness & Mutations

You have a pair of horns on your head.
You reflexively headbutt those who attack you in melee.


Message History

You block the adder's attack.
You miss the adder. The adder bites you but does no damage.
The adder barely misses you. You furiously retaliate!
You headbutt the adder. You closely miss the adder.
Your headbutt misses the adder.
The adder is heavily wounded.
The adder bites you.
You completely miss the adder. Your headbutt misses the adder.
The adder is heavily wounded.
The adder bites you but does no damage. The endoplasm closely misses you.
The adder bites you but does no damage.
You miss the adder. Your headbutt misses the adder.
The adder is heavily wounded.
The adder bites you.
You are poisoned.
The adder poisons you! The endoplasm hits you.
You hit the adder.
You kill the adder!
You feel sick.
The endoplasm hits you but does no damage.
You feel sick. The endoplasm freezes you.
You are frozen.
The worm bites you!
You barely miss the worm.
You feel sick. You block the endoplasm's attack. The endoplasm freezes you.
You are frozen.
* * * LOW HITPOINT WARNING * * *
The worm bites you.
* * * LOW HITPOINT WARNING * * *
You hit the worm.
The worm is lightly wounded.
* * * LOW HITPOINT WARNING * * *
You feel sick.
The endoplasm hits you but does no damage.
You hit the worm.
The worm is moderately wounded.
* * * LOW HITPOINT WARNING * * *
You feel sick. The worm bites you but does no damage.
The endoplasm freezes you.
You are frozen.
You die...

$ .. #... ....# #####
######....## #...#
###..@w.......
#...###...#J...........
#...#.......##.......... .
#.....#..#..>...........
#.####.......##.###........(.
#........#####..###.........
.........# #.<...........#
..####...# #..###.......#
.... #.>#####..#.........#


You could see a worm and an endoplasm.

Vanquished Creatures
  2 adders (D:2)
  A worm (D:2)
  2 dart slugs
  2 endoplasms (D:1)
  3 goblins (D:1)
  A hobgoblin (D:1)
  3 kobolds
  3 bats
  2 frilled lizards
  2 rats (D:2)
21 creatures vanquished.

Notes
Turn   | Place    | Note
-------+----------+-------------------------------------------
     0 | D:1      | xian the Minotaur Fighter began the quest for the Orb.
     0 | D:1      | Reached XP level 1. HP: 19/19 MP: 0/0
   314 | D:1      | Reached XP level 2. HP: 27/27 MP: 1/1
   911 | D:2      | Reached XP level 3. HP: 33/33 MP: 2/2
  1229 | D:2      | Frozen to death by an endoplasm

Illustrated notes

Levels and vault maps discovered:
D:1:      dpeg_arrival_round_a, layout_loops_ring
D:2:      layout_rooms, serial_shops, nicolae_shop_waterfront, minmay_circle_x

Skill      XL: |  1  2 |
---------------+-------+-----
Shields        | 4 |  4.1
Armour         | 4 |  4.3
Fighting       | 4 |  4.2
Short Blades   | |  0.1
Maces & Flails | |  2.7

Action                   || total
-------------------------++-------
Melee: Flail             ||    15
       Short sword       ||    50
       Headbutt          ||     5
  Use: Scroll            ||     3
Armor: Scale mail        ||    32
Dodge: Dodged            ||    31
Block: Buckler           ||    13

Table legend: (Time is in decaauts)
 A = Elapsed time spent in this place.
 B = Non-inter-level travel time spent in this place.
 C = Inter-level travel time spent in this place.
 D = Time resting spent in this place.
 E = Time spent auto-exploring this place.
 F = Levels seen in this place.
 G = Mean time per level.
                   A        B        C        D        E       F      G
               +--------+--------+--------+--------+--------+-----+--------+
         Total |   1240 |   1222 |     18 |      0 |    980 |   2 |  620.0 |
       Dungeon |   1240 |   1222 |     18 |      0 |    980 |   2 |  620.0 |
               +--------+--------+--------+--------+--------+-----+--------+

Top non-repeatable levels by time:
     D:1: 751 daAuts
     D:2: 488 daAuts
